[gd_scene load_steps=6 format=2]

[ext_resource path="res://Scenes/Entities/circularsaw.gd" type="Script" id=1]
[ext_resource path="res://assets/Carton_Scie.png" type="Texture" id=2]

[sub_resource type="Curve2D" id=1]
_data = {
"points": PoolVector2Array(  )
}

[sub_resource type="Animation" id=2]
resource_name = "turn"
length = 2.0
loop = true
tracks/0/type = "value"
tracks/0/path = NodePath("Sprite:rotation_degrees")
tracks/0/interp = 1
tracks/0/loop_wrap = true
tracks/0/imported = false
tracks/0/enabled = true
tracks/0/keys = {
"times": PoolRealArray( 0, 1, 2 ),
"transitions": PoolRealArray( 1, 1, 1 ),
"update": 0,
"values": [ 0.0, 180.0, 360.0 ]
}

[sub_resource type="CircleShape2D" id=3]
radius = 375.0

[node name="root" type="Node2D"]
script = ExtResource( 1 )

[node name="Path2D" type="Path2D" parent="."]
curve = SubResource( 1 )

[node name="PathFollow2D" type="PathFollow2D" parent="Path2D"]
loop = false

[node name="Sprite" type="Sprite" parent="Path2D/PathFollow2D"]
rotation = 1.38818
texture = ExtResource( 2 )

[node name="AnimationPlayer" type="AnimationPlayer" parent="Path2D/PathFollow2D"]
anims/turn = SubResource( 2 )

[node name="Body" type="KinematicBody2D" parent="Path2D/PathFollow2D" groups=[
"Trap",
]]

[node name="CollisionShape2D" type="CollisionShape2D" parent="Path2D/PathFollow2D/Body"]
shape = SubResource( 3 )
